 Dungeon Crawl Stone Soup version 0.19.1-1-g22dce08 (webtiles) character file.

150 Alarkh the Chopper (level 5, -3/41 HPs)
             Began as a Demonspawn Monk on Jan 7, 2017.
             Was a Believer of Okawaru.
             Slain by an orc
             ... wielding a +0 trident
              (4 damage)
             ... on level 3 of the Dungeon.
             The game lasted 00:02:52 (2570 turns).

Alarkh the Chopper (Demonspawn Monk)                Turns: 2570, Time: 00:02:52

Health: -3/41      AC:  4    Str: 11    XL:     5   Next: 10%
Magic:  5/5        EV: 12    Int: 13    God:    Okawaru [**....]
Gold:   143        SH:  0    Dex: 15    Spells: 0 memorised, 4 levels left

rFire  + . .     SeeInvis .     k - +1 hand axe (chop)
rCold  + . .     Gourm    .     h - +1 leather armour {rC+}
rNeg   . . .     Faith    +     (no shield)
rPois  .         Spirit   .     (helmet restricted)
rElec  .         Reflect  .     (no cloak)
rCorr  .         Harm     .     (no gloves)
MR     .....                    (no boots)
Stlth  ++........               t - amulet of faith
                                (no ring)
                                (no ring)

@: very slightly contaminated, hasted, very quick
A: antennae 1, fire resistance 1, flame cloud immunity
a: Heroism, Renounce Religion


You were on level 3 of the Dungeon.
You worshipped Okawaru.
Okawaru was pleased with you.
You were hungry.

You visited 1 branch of the dungeon, and saw 3 of its levels.

You collected 143 gold pieces.

Inventory:

Hand Weapons
 a - a +0 hand axe
 g - a +0 spear of venom
 k - a +1 hand axe of chopping (weapon)
 v - a +1 antimagic mace
Armour
 b - a +0 robe
 h - a +1 leather armour of cold resistance (worn)
Jewellery
 t - an amulet of faith (around neck)
Scrolls
 j - a scroll of magic mapping {unknown}
 l - a scroll of identify {unknown}
 m - a scroll of random uselessness
 n - 2 scrolls of blinking
 p - a scroll of amnesia {unknown}
 u - 2 scrolls of remove curse {unknown}
Potions
 e - a potion of flight {unknown}
 f - a potion of mutation {unknown}
 i - a potion of magic {unknown}
 o - a potion of curing
 r - a potion of haste
 w - a potion of agility {unknown}
Comestibles
 c - 2 bread rations
 d - 5 fruits
 q - a slice of pizza
 s - 3 chunks of flesh


   Skills:
 - Level 3.0 Fighting
 + Level 5.3 Axes
 - Level 2.6 Dodging
 - Level 1.7 Stealth


You had 4 spell levels left.
You didn't know any spells.

Dungeon Overview and Level Annotations

Branches:
Dungeon (3/15)

Altars:
Dithmenos
Okawaru


Innate Abilities, Weirdness & Mutations

You have a pair of small antennae on your head.
Your flesh is heat resistant. (rF+)
You are immune to clouds of flame.


Message History

You hit the orc priest.
The orc priest is severely wounded.
You hit the orc.
You are feeling hungry.
The orc priest completely misses you. The orc hits you with a club.
* * * LOW HITPOINT WARNING * * *
The orc misses you.
You barely miss the orc. You hit the orc.
You kill the orc!
Okawaru accepts your kill.
You barely miss the orc priest.
The orc hits you with a hand axe of freezing.
* * * LOW HITPOINT WARNING * * *
The orc priest hits you but does no damage.
You hit the orc.
You kill the orc!
Okawaru accepts your kill.
You hit the orc priest.
The orc hits you from afar with a trident.
You die...

####### .......
.....o.#########
......)).......#
#####o@.......###
#.............+.###
#.................#####
#.......†......_.......
#....(.........8...#
#.############.........._...#
#.......######............).#
#.#####.##....######+########
#...........#


You could see an orc priest and an orc.

Vanquished Creatures
  7 adders
  3 worms (D:2)
  A dart slug (D:1)
  2 leopard geckos (D:2)
  2 orcs (D:3)
  3 giant cockroaches
  7 goblins
  9 hobgoblins
  9 jackals
  7 kobolds
  A quokka (D:3)
  8 bats
  3 frilled lizards
  8 rats
70 creatures vanquished.

Notes
Turn   | Place    | Note
-------+----------+-------------------------------------------
     0 | D:1      | Alarkh the Demonspawn Monk began the quest for the Orb.
     0 | D:1      | Reached XP level 1. HP: 18/18 MP: 1/1
    46 | D:1      | Reached skill level 3 in Axes
    86 | D:1      | Gained mutation: You have a pair of small antennae on your head. [demonic ancestry]
    86 | D:1      | Reached XP level 2. HP: 24/24 MP: 2/2
   445 | D:1      | Gained mutation: Your flesh is heat resistant. (rF+) [demonic ancestry]
   445 | D:1      | Reached XP level 3. HP: 29/29 MP: 3/3
   742 | D:2      | Reached skill level 4 in Axes
  1521 | D:2      | Gained mutation: You are immune to clouds of flame. [demonic ancestry]
  1521 | D:2      | Reached XP level 4. HP: 30/35 MP: 4/4
  2132 | D:2      | Reached skill level 5 in Axes
  2403 | D:3      | Noticed an orc warrior
  2533 | D:3      | Reached XP level 5. HP: 40/41 MP: 5/5
  2537 | D:3      | Found an iron altar of Okawaru.
  2537 | D:3      | Found a shadowy altar of Dithmenos.
  2546 | D:3      | Became a worshipper of Warmaster Okawaru
  2546 | D:3      | Reached * piety under Okawaru
  2546 | D:3      | Reached ** piety under Okawaru
  2569 | D:3      | HP: 1/41 [orc/hand axe of freezing (4)]
  2570 | D:3      | Slain by an orc

Skill      XL: |  1  2  3  4 |
---------------+-------------+-----
Axes           | 3 4 5 |  5.3
Fighting       | |  3.0
Dodging        | |  2.6
Stealth        | |  1.7

Action                   |  1- 3 |  4- 6 || total
-------------------------+-------+-------++-------
Melee: Hand axe          |    83 |    94 ||   177
       Spear             |    39 |       ||    39
  Use: Potion            |     1 |     2 ||     3
       Scroll            |       |     2 ||     2
 Stab: Sleeping          |     2 |     3 ||     5
  Eat: Chunk             |     2 |     3 ||     5
Armor: Robe              |     6 |       ||     6
       Leather armour    |    26 |    26 ||    52
Dodge: Dodged            |    84 |    52 ||   136
